AoeStats
← SmurfSSmur

Arabia

504671269Analyzed
2v2 RM · 26d ago on Sep 6, 2026· 55m 0s· 4 players
Game mode
Random Map
Map size
Medium (4 player)
Population
200
Speed
Normal
Resources
Standard
Victory
Conquest
Starting age
Dark Age
Ending age
Imperial Age
RankedLock teamsTeams togetherTeam positionsShared explorationLock speedFull tech treeHidden civsTurbo modeCheats
Victory
Defeat
🇨🇦 Japanese · Canada
1121
+37
🇨🇦 Burgundians · Canada
1116
+37
🇲🇽 Wei · Mexico
1156
-17
🇨🇳 Hindustanis · China
1094
-15
SmurfSSmur
7:30 Double-Bit Axe
8:53 Loom
11:19 Feudal Age
10:53 Horse Collar
12:54 Bow Saw
14:02 Wheelbarrow
14:53 Heavy Plow
17:15 Scale Barding Armor
17:21 Forging
20:02 Hand Cart
24:42 Castle Age
26:09 Chain Barding Armor
26:25 Iron Casting
26:09 Gold Mining
25:53 Pikeman
27:52 Crop Rotation
28:27 Two-Man Saw
27:33 Scale Mail Armor
27:18 Cavalier
28:08 Husbandry
32:11 Chain Mail Armor
33:53 Squires
35:52 Gold Shaft Mining
35:08 Stone Mining
40:34 Light Cavalry
46:10 Burgundian Vineyards
49:50 Imperial Age
50:12 Paladin
50:12 Hussar
51:49 Conscription
55:38 Blast Furnace
55:16 Plate Barding Armor
Lord Kos
6:45 Loom
8:56 Feudal Age
9:26 Man-at-Arms
12:14 Double-Bit Axe
15:57 Fletching
18:38 Padded Archer Armor
18:43 Gold Mining
20:39 Wheelbarrow
24:43 Castle Age
24:03 Scale Mail Armor
25:09 Pikeman
28:08 Stone Mining
29:18 Crossbowman
30:06 Horse Collar
31:08 Bodkin Arrow
32:30 Heavy Plow
32:42 Bow Saw
33:15 Town Watch
34:19 Chain Mail Armor
35:55 Gold Shaft Mining
35:30 Squires
35:21 Arson
36:46 Hand Cart
37:32 Leather Archer Armor
39:35 Ballistics
41:03 Bloodlines
40:54 Husbandry
43:53 Imperial Age
42:16 Forging
45:35 Chemistry
44:08 Halberdier
46:06 Two-Man Saw
47:56 Plate Mail Armor
48:01 Iron Casting
47:27 Bracer
48:49 Conscription
49:08 Hoardings
51:50 Siege Engineers
51:49 Heavy Cavalry Archer
52:55 Parthian Tactics
看戏选手
5:21 Loom
8:55 Feudal Age
20:36 Castle Age
21:02 Double-Bit Axe
22:35 Forging
27:57 Wheelbarrow
28:43 Bloodlines
30:20 Gold Mining
38:19 Imperial Age
35:57 Husbandry
36:04 Scale Barding Armor
35:53 Stone Mining
41:51 Gold Shaft Mining
42:41 Chemistry
42:11 Heavy Camel Rider
45:24 Ballistics
46:48 Padded Archer Armor
46:42 Fletching
49:14 Padded Archer Armor
chespi08
2:15 Loom
11:21 Feudal Age
11:56 Double-Bit Axe
12:50 Horse Collar
13:37 Gold Mining
18:14 Wheelbarrow
19:42 Castle Age
18:44 Bloodlines
19:14 Forging
20:18 Scale Barding Armor
20:50 Husbandry
27:46 Wheelbarrow
27:32 Heavy Plow
27:40 Stone Mining
28:35 Bow Saw
29:23 Stone Shaft Mining
32:21 Hand Cart
34:57 Gold Shaft Mining
35:46 Iron Casting
35:34 Chain Barding Armor
37:07 Tuntian
38:04 Iron Casting
41:19 Town Watch
41:30 Fletching
44:20 Imperial Age
45:24 Conscription
46:09 Blast Furnace
45:25 Elite Tiger Cavalry
47:30 Bodkin Arrow
48:38 Crop Rotation
48:42 Town Patrol
51:44 Parthian Tactics
53:07 Chemistry
54:16 Ming Guang Armor
54:24 Ballistics
54:31 Bracer
54:31 Padded Archer Armor
53:59 Heavy Hei Guang Cavalry
55:25 Masonry
Connection lost

Rejoining the realm…

Still unreachable

The connection could not be restored.

Session expired

The server has moved on; the page needs a fresh start.